 Dungeon Crawl Stone Soup version 0.30-a0-883-g5ad918d77d (webtiles) character file.

Game seed: 9911821317887452207

77023 Bnni the Blocker (level 16, -5/116 (131) HPs)
             Began as a Formicid Venom Mage on Mar 16, 2023.
             Was the Champion of Cheibriados.
             Splashed by a goliath frog's acid (6 damage)
             ... on level 1 of the Swamp.
             The game lasted 00:58:12 (24468 turns).

Bnni the Blocker (Formicid Venom Mage)             Turns: 24468, Time: 00:58:13

HP:   -5/116 (131)  AC: 23    Str: 30    XL:     16   Next: 3%
MP:   18/25         EV: 14    Int: 36    God:    Cheibriados [******]
Gold: 1785          SH: 15    Dex: 27    Spells: 8/21 levels left

rFire   . . .      SeeInvis +    l - +0 quarterstaff (freeze)
rCold   . . .      Faith    .    A - +0 kite shield
rNeg    . . .      Spirit   .    P - +0 plate armour
rPois   .          Reflect  .    (helmet unavailable)
rElec   .          Rampage  .    r - +2 cloak
rCorr   .                        x - +0 pair of gloves
Will    +....                    s - +1 pair of boots Stlth
                                 (no amulet)
HPRegen 0.39/turn                e - +4 ring of protection
MPRegen 0.19/turn                t - +5 ring of evasion

@: corroded, heavily drained, very slow
A: permanent stasis, dig shafts and tunnels, antennae 3, four strong arms,
clumsy 1
a: Dig, Shaft Self, Renounce Religion, Bend Time, Temporal Distortion, Slouch,
Step From Time


You were on level 1 of the Swamp.
You worshipped Cheibriados.
Cheibriados was exalted by your worship.
You visited 6 branches of the dungeon, and saw 22 of its levels.
You also visited: Sewer and Ossuary.

You collected 3094 gold pieces.
You spent 1309 gold pieces at shops.

Inventory:

Hand Weapons
 l - a +0 quarterstaff of freezing (weapon)
Missiles
 g - a throwing net
 i - 2 curare-tipped darts
Armour
 r - a +2 cloak (worn)
 s - a +1 pair of boots (worn)
 x - a +0 pair of gloves (worn)
 A - a +0 kite shield (worn)
 N - the +1 ring mail of the Morning Star {rF++ rN+ Int-3}
   (You found it on level 5 of the Lair of Beasts)

   Int:       It affects your intelligence (-3).
   rF:        It greatly protects you from fire.
   rN:        It protects you from negative energy.
 P - a +0 plate armour (worn)
 S - a +0 tower shield
Jewellery
 e - a +4 ring of protection (left hand)
 h - the ring of the Blind Eye {Wiz rC++ Dex-4}
   (You bought it in a shop on level 2 of the Orcish Mines)

   [ring of wizardry]

   It improves your spell success rate.
   Dex:       It affects your dexterity (-4).
   rC:        It greatly protects you from cold.
 n - a ring of protection from cold
 t - a +5 ring of evasion (right hand)
 y - a ring of flight
 C - a ring of fire
 M - a ring of positive energy
 Q - a ring of resist corrosion
Wands
 a - a wand of roots (18)
 f - a wand of flame (13)
 m - a wand of paralysis (18)
 o - a wand of mindburst (11)
 p - a wand of polymorph (7)
 L - a wand of acid (4)
Scrolls
 d - 6 scrolls of fog
 j - 4 scrolls of fear
 v - 4 scrolls of vulnerability
 z - 5 scrolls of amnesia {unknown}
 E - 2 scrolls of immolation
 F - 3 scrolls of enchant armour
 I - 3 scrolls of brand weapon
 J - 3 scrolls of magic mapping
 R - 4 scrolls of enchant weapon {unknown}
Potions
 b - 3 potions of magic
 c - 3 potions of ambrosia
 k - 4 potions of brilliance
 q - 4 potions of heal wounds
 u - 5 potions of resistance
 w - a potion of flight {unknown}
 B - 3 potions of attraction
 D - 5 potions of curing
 G - 2 potions of invisibility
 H - 3 potions of might
 K - 8 potions of mutation {unknown}
Miscellaneous
 O - a condenser vane


   Skills:
 + Level 13.2 Fighting
 * Level 10.2 Staves
 + Level 12.2 Armour
 - Level 1.7 Dodging
 - Level 2.4 Stealth
 + Level 13.5 Shields
 - Level 3.0 Spellcasting
 + Level 6.5 Translocations
 - Level 1.1 Transmutations
 + Level 4.6 Air Magic
 - Level 12.0 Poison Magic
 - Level 13.0 Invocations


You had 8 spell levels left.
You knew the following spells:

 Your Spells              Type           Power      Damage    Failure   Level
a - Sting                 Tmut/Pois      100%       1d8       3%          1
b - Poisonous Vapours     Pois/Air       100%       N/A       2%          2
c - Mephitic Cloud        Conj/Pois/Air  45%        N/A       16%         3
d - Olgreb's Toxic Radia  Pois           75%        N/A       3%          4
f - Vhi's Electric Charg  Tloc/Air       90%        N/A       14%         3

Your spell library contained the following spells:

 Spells                   Type           Power      Damage    Failure   Level
 Gell's Gravitas          Tloc           51%        N/A       10%         3
 Teleport Other           Tloc           51%        N/A       10%         3
 Static Discharge         Conj/Air       44%        2-4/arc   28%         2
 Slow                     Hex            20%        N/A       43%         1
 Confusing Touch          Hex            5%         N/A       82%         3
 Inner Flame              Hex/Fire       5%         N/A       82%         3
 Vampiric Draining        Necr           5%         2d6       82%         3
 Anguish                  Hex/Necr       2%         N/A       99%         4
 Animate Dead             Necr           5%         N/A       99%         4
 Cause Fear               Hex            2%         N/A       99%         4
 Arcjolt                  Conj/Air       11%        1d21      99%         5
 Lightning Bolt           Conj/Air       11%        1d24      99%         5
 Dispersal                Tloc           25%        N/A       99%         6
 Borgnjor's Vile Clutch   Necr/Erth      2%         N/A       100%        5
 Death Channel            Necr           2%         N/A       100%        6
 Enfeeble                 Hex            2%         N/A       100%        7
 Discord                  Hex            2%         N/A       100%        8


Dungeon Overview and Level Annotations

Branches:
Dungeon (12/15)            Temple (1/1) D:5            Lair (5/5) D:10
  Swamp (1/4) Lair:2        Snake (1/4) Lair:3        Slime (0/5) Lair:5
    Orc (2/2) D:10            Elf (0/3) Orc:2         Sewer (visited)
Ossuary (visited)

Altars:
Cheibriados
Dithmenos
Elyvilon
Gozag
Makhleb
Qazlal
Ru
Sif Muna
Trog
Uskayaw
Vehumet
Wu Jian
Xom
Zin
Jiyva

Shops:
D:4 (   D:12 ?   Orc:2 *[=![

Annotations:
Lair:3 exclusion: oklob plant


Innate Abilities, Weirdness & Mutations

You cannot be hasted, slowed, berserked, paralysed or teleported.
You can dig through walls and to a lower floor.
You have a pair of large antennae on your head. (SInv)
Your four strong arms can wield two-handed weapons with a shield.
You are clumsy. (Dex -2)


Message History

The goliath frog looks even sicker.
Unknown command.
Unknown command.
Your toxic aura wanes.
You block the goliath frog's attack. You block the bunyip's attack.
The bunyip closely misses you. The bunyip claws you!!
The goliath frog hits you from afar! The acid corrodes you!
You are splashed with acid!
You hit the bunyip. You freeze the bunyip.
The bunyip is lightly wounded.
The goliath frog hits you from afar! The acid corrodes you!
You are splashed with acid!
Unknown command.
Casting: Olgreb's Toxic Radiance (mildly dangerous; 3% risk of failure)
Confirm with . or Enter, or press ? or * to list all spells.
You begin to radiate toxic energy.
The goliath frog looks even sicker.
The goliath frog looks as sick as possible!
The goliath frog hits you from afar!
You are splashed with acid!
You block the goliath frog's attack. You block the bunyip's attack.
The bunyip misses you. The bunyip claws you!!
* * * LOW HITPOINT WARNING * * *
You hit the bunyip. You freeze the bunyip.
The bunyip is lightly wounded.
The goliath frog looks as sick as possible!
The goliath frog misses you.
You sock the bunyip! You freeze the bunyip.
The bunyip is moderately wounded.
Your toxic aura wanes.
You block the goliath frog's attack.
You hit the bunyip but do no damage.
The bunyip is moderately wounded.
You block the goliath frog's attack.
You hit the bunyip. You freeze the bunyip.
The bunyip is moderately wounded.
You block the bunyip's attack. x2; The bunyip claws you.
* * * LOW HITPOINT WARNING * * *
The goliath frog hits you from afar!
* * * LOW HITPOINT WARNING * * *
You are splashed with acid.
You die...

≈≈≈≈....♣.....~. ≈
≈≈≈≈≈..♣.....~.
...♣~≈≈~....~...~~
$......≈≈.....~.~~~.
..$⌠...≈≈≈≈.....~.?.
......♣≈≈♣≈...~.....
.....♣≈≈≈~..♣.......
♣≈~~~.≈≈≈♣..@x.~.~.♣
≈≈≈≈≈≈≈≈...♣♣♣F.~~..
♣≈≈≈≈≈♣...♣ ~...♣
♣≈≈≈≈....♣♣ ~.♣♣
♣≈♣♣...♣♣♣ .♣ ♣
♣♣...♣♣♣♣.~ ~. .♣
♣♣...~.~.~~~. . ..♣
♣.....♣.~.... ...♣
♣.♣♣~♣♣♣♣~.).


You could see a bunyip and a goliath frog (very poisoned).

Vanquished Creatures
  Kirke (Lair:4)
  An orc warlord (Orc:1)
  A ghost crab (Swamp:1)
  Fannar (D:10)
  6 hydras
  Erolcha (D:10)
  A merfolk avatar (Lair:5)
  24 death yaks
  An alligator (Swamp:1)
  5 boulder beetles
  3 two-headed ogres
  6 orc high priests
  Sonja (Lair:1)
  4 skysharks
  5 orc knights
  Pikel (D:8)
  A deep elf pyromancer (D:12)
  3 orc sorcerers (Orc:1)
  A will-o-the-wisp (Swamp:1)
  2 manticores
  A salamander (Lair:3)
  13 elephants
  Maurice (D:11)
  6 black mambas
  7 cane toads
  Psyche (D:10)
  A rime drake (Lair:5)
  12 komodo dragons
  An unseen horror (D:10)
  2 hornets
  3 polar bears
  A wind drake (Lair:5)
  6 trolls
  5 blink frogs
  9 wyverns
  3 hogs (Lair:4)
  3 basilisks
  2 wraiths
  3 steam dragons
  45 yaks
  4 vampire mosquitoes (Swamp:1)
  A warg (Orc:2)
  10 water moccasins
  5 swamp worms
  2 acid dragons
  A sky beast (D:7)
  3 black bears
  3 ice beasts
  47 orc warriors
  4 ogres
  2 centaurs (D:9)
  11 wolves
  4 lemures (D:8)
  12 bullfrogs
  2 gnoll sergeants (D:9)
  4 scorpions
  12 wights
  10 killer bees
  A howler monkey (D:6)
  3 electric eels (Lair:1)
  3 lava snakes (Lair:3)
  4 hounds
  6 jellies
  34 orc priests
  A gnoll bouda (D:7)
  2 sleepcaps
  26 orc wizards
  11 iguanas
  7 hell rats (Lair:1)
  A mummy (Ossuary)
  10 adders
  18 gnolls
  A river rat (Sewer)
  3 shadow imps
  2 worms
  A dart slug (D:1)
  97 orcs
  3 spectral bats (Ossuary)
  11 endoplasms
  17 giant cockroaches
  5 goblins
  8 hobgoblins
  4 jackals (D:1)
  10 quokkas
  3 training dummies (D:4)
  7 ball pythons
  4 bats
  A bat simulacrum (Ossuary)
  6 frilled lizards
  12 gnoll zombies (Ossuary)
  2 goblin simulacra (Ossuary)
  4 goblin zombies (Ossuary)
  4 hobgoblin zombies (Ossuary)
  3 kobolds (D:1)
  3 kobold simulacra (Ossuary)
  8 kobold zombies (Ossuary)
  An orc zombie (Ossuary)
  9 rats
  6 rat simulacra (Ossuary)
  3 spectral goblins (Ossuary)
  3 spectral kobolds (Ossuary)
  2 spectral rats (Ossuary)
701 creatures vanquished.

Vanquished Creatures (others)
  2 bloated husks (Swamp:1)
  An orc wizard (D:5)
  38 fungi
  54 plants
95 creatures vanquished.

Grand Total: 796 creatures vanquished

Notes
Turn   | Place    | Note
-------+----------+-------------------------------------------
     0 | D:1      | Bnni the Formicid Venom Mage began the quest for the Orb.
     0 | D:1      | Reached XP level 1. HP: 13/13 MP: 3/3
     1 | D:1      | You fall into a shaft and drop 1 floor!
   207 | D:1      | Reached XP level 2. HP: 7/20 MP: 0/5
   311 | D:1      | Learned a level 2 spell: Poisonous Vapours
   379 | D:1      | Reached skill level 1 in Fighting
   463 | D:1      | Reached XP level 3. HP: 25/26 MP: 6/6
   908 | D:2      | Reached skill level 5 in Poison Magic
   975 | D:2      | Reached XP level 4. HP: 18/32 MP: 4/8
   984 | D:2      | Learned a level 4 spell: Olgreb's Toxic Radiance
  2003 | D:4      | Reached skill level 1 in Shields
  2003 | D:4      | Reached XP level 5. HP: 38/38 MP: 1/9
  2203 | D:4      | Reached XP level 6. HP: 46/46 MP: 2/10
  2384 | D:4      | Found Edilisor's Firing Range.
  2613 | D:4      | Learned a level 3 spell: Mephitic Cloud
  2829 | D:5      | Entered Level 5 of the Dungeon
  2829 | D:5      | Found a staircase to the Ecumenical Temple.
  2839 | Temple   | Entered the Ecumenical Temple
  2858 | Temple   | Became a worshipper of Cheibriados the Contemplative
  3067 | D:5      | Noticed a black bear
  3082 | D:5      | Killed a black bear
  3083 | D:5      | Reached XP level 7. HP: 36/52 MP: 2/11
  3642 | D:5      | Reached skill level 1 in Invocations
  3679 | D:5      | Found a radiant altar of Vehumet.
  3689 | D:5      | Reached XP level 8. HP: 60/60 MP: 9/12
  3915 | D:6      | Found a glowing drain.
  3926 | Sewer    | Entered a sewer
  3939 | Sewer    | Reached * piety under Cheibriados
  4243 | Sewer    | Found a viscous altar of Jiyva.
  4332 | D:6      | Reached ** piety under Cheibriados
  4429 | D:6      | Reached skill level 5 in Fighting
  4433 | D:6      | Found a sand-covered staircase.
  4439 | Ossuary  | Entered an ossuary
  4611 | Ossuary  | Reached *** piety under Cheibriados
  4813 | D:6      | Reached skill level 10 in Poison Magic
  4946 | D:6      | Identified a scroll of acquirement
  5094 | D:6      | Reached **** piety under Cheibriados
  5520 | D:7      | Reached skill level 1 in Armour
  5520 | D:7      | Reached skill level 1 in Air Magic
  5520 | D:7      | Reached XP level 9. HP: 68/68 MP: 9/13
  6535 | D:8      | Noticed a two-headed ogre
  6544 | D:8      | Noticed a hornet
  6552 | D:8      | Killed a two-headed ogre
  6553 | D:8      | Reached skill level 5 in Invocations
  6553 | D:8      | Reached XP level 10. HP: 40/77 MP: 1/14
  6738 | D:8      | Noticed Pikel
  6760 | D:8      | Killed Pikel
  6877 | D:8      | Acquired 841 gold pieces
  7400 | D:8      | Reached skill level 5 in Armour
  8133 | D:9      | Reached ***** piety under Cheibriados
  8642 | D:10     | Entered Level 10 of the Dungeon
  8642 | D:10     | Noticed Fannar
  8644 | D:10     | Noticed an unseen horror
  8752 | D:10     | Killed an unseen horror
  8753 | D:10     | Reached XP level 11. HP: 83/86 MP: 8/17
  8755 | D:10     | Reached skill level 5 in Shields
  8756 | D:10     | Killed Fannar
  8856 | D:10     | Noticed Psyche
  8864 | D:10     | Killed Psyche
  8950 | D:10     | Noticed a two-headed ogre
  8963 | D:10     | Killed a two-headed ogre
  9127 | D:10     | Reached skill level 10 in Invocations
  9280 | D:10     | Noticed Erolcha
  9291 | D:10     | Killed Erolcha
  9356 | D:10     | Found a staircase to the Orcish Mines.
  9928 | D:10     | Found a staircase to the Lair.
 10124 | D:11     | Noticed a five-headed hydra
 10291 | D:11     | Found a shimmering altar of Xom.
 10291 | D:11     | Found a shimmering altar of Xom.
 10292 | D:11     | Found a shimmering altar of Xom.
 10395 | D:11     | Reached XP level 12. HP: 93/95 MP: 12/20
 10561 | D:11     | Noticed Maurice
 10571 | D:11     | Killed Maurice
 10571 | D:11     | Reached ****** piety under Cheibriados
 10831 | D:11     | Killed a five-headed hydra
 11113 | D:12     | Found Muysukku's Magic Scroll Emporium.
 11133 | D:12     | Learned a level 3 spell: Vhi's Electric Charge
 11135 | D:12     | Noticed a boulder beetle
 11150 | D:12     | Killed a boulder beetle
 11155 | D:12     | Bought a scroll of fear for 60 gold pieces
 11155 | D:12     | Bought a scroll of magic mapping for 112 gold pieces
 11425 | D:12     | Noticed a boulder beetle
 11439 | D:12     | Killed a boulder beetle
 11462 | D:12     | HP: 1/97 [vampire/vampiric draining (14)]
 11488 | D:12     | HP: 3/97 [vampire/vampiric draining (16)]
 11494 | D:12     | Noticed a boulder beetle
 11509 | D:12     | Killed a boulder beetle
 11514 | D:12     | Noticed a two-headed ogre
 11520 | D:12     | HP: 3/97 [vampire/vampiric draining (15)]
 11569 | D:12     | Killed a two-headed ogre
 11715 | D:12     | Noticed a skeletal warrior
 11718 | D:12     | Noticed a skeletal warrior
 11718 | D:12     | Noticed a skeletal warrior
 11719 | D:12     | Noticed a skeletal warrior
 11814 | Lair:1   | Entered Level 1 of the Lair of Beasts
 11830 | Lair:1   | Reached skill level 10 in Fighting
 12258 | Lair:1   | Noticed Sonja
 12263 | Lair:1   | Killed Sonja
 12264 | Lair:1   | Reached XP level 13. HP: 93/104 MP: 15/22
 12730 | Lair:1   | Reached skill level 10 in Shields
 13266 | Lair:2   | Reached skill level 1 in Staves
 13371 | Lair:2   | Reached skill level 1 in Translocations
 13713 | Lair:2   | Identified the +7 falchion of Zaexou {drain, rPois rC+
                  | Dex+3}
 13841 | Lair:2   | Noticed a four-headed hydra
 13843 | Lair:2   | Noticed a five-headed hydra
 13852 | Lair:2   | Killed a five-headed hydra
 13856 | Lair:2   | Killed a four-headed hydra
 14119 | Lair:2   | Found a staircase to the Swamp.
 14242 | Lair:2   | Reached skill level 10 in Armour
 14339 | Lair:3   | Noticed a seven-headed hydra
 14351 | Lair:3   | Killed a seven-headed hydra
 15498 | Lair:3   | Reached skill level 5 in Staves
 16000 | Lair:3   | Found a staircase to the Snake Pit.
 16927 | Lair:3   | Reached XP level 14. HP: 32/112 MP: 10/23
 17265 | Lair:4   | Noticed Kirke
 17280 | Lair:4   | Killed Kirke
 19001 | Lair:5   | Entered Level 5 of the Lair of Beasts
 19585 | Lair:5   | Found a staircase to the Slime Pits.
 19585 | Lair:5   | Found a viscous altar of Jiyva.
 19650 | Lair:5   | Reached skill level 5 in Translocations
 20050 | Lair:5   | Reached XP level 15. HP: 115/122 MP: 21/24
 20445 | Lair:5   | Identified the +4 great sword "Spiderbane" {flame, rF+
                  | Str+2}
 20679 | Lair:5   | Identified the +1 ring mail of the Morning Star {rF++ rN+
                  | Int-3}
 20940 | Orc:1    | Entered Level 1 of the Orcish Mines
 21210 | Orc:1    | Noticed an orc warlord
 21231 | Orc:1    | Killed an orc warlord
 21792 | Orc:1    | Found a bloodstained altar of Trog.
 21932 | Orc:2    | Entered Level 2 of the Orcish Mines
 22052 | Orc:2    | Found Luchaluc's Gadget Gallery.
 22189 | Orc:2    | Found a staircase to the Elven Halls.
 22724 | Orc:2    | Gained mutation: You are clumsy. (Dex -2) [a neqoxec]
 22739 | Orc:2    | Reached skill level 10 in Staves
 23336 | Orc:2    | Found Dukhoram's Antique Armour Boutique.
 23339 | Orc:2    | Found Teis's Distillery.
 23340 | Orc:2    | Found Ydagu's Armour Boutique.
 23341 | Orc:2    | Found Sezuf's Jewellery Shop.
 23348 | Orc:2    | Bought a tower shield for 148 gold pieces
 23554 | Orc:2    | Bought a potion of might for 64 gold pieces
 23554 | Orc:2    | Bought a potion of curing for 48 gold pieces
 23554 | Orc:2    | Bought a potion of curing for 48 gold pieces
 23557 | Orc:2    | Bought the ring of the Blind Eye {Wiz rC++ Dex-4} for 829
                  | gold pieces
 23798 | Snake:1  | Entered Level 1 of the Snake Pit
 23919 | Swamp:1  | Entered Level 1 of the Swamp
 23938 | Swamp:1  | Reached XP level 16. HP: 122/130 MP: 17/25
 24468 | Swamp:1  | HP: 1/116 [goliath frog (15)]
 24468 | Swamp:1  | Splashed by a goliath frog's acid

Illustrated notes

Levels and vault maps discovered:
D:1:      matt_arrival_diagonals, layout_basic
D:2:      layout_basic
D:3:      layout_loops_ring
D:4:      layout_rooms, hangedman_glass_teeth, nicolae_shop_firing_range
D:5:      layout_basic, mainiacjoe_overflow_alcove_2,
          minmay_temple_entry_stoned_glass
D:6:      layout_basic, nicolae_ossuary_entry_plus, gup_sewer_entry_pipe
D:7:      layout_basic
D:8:      layout_rooms, uniq_pikel
D:9:      layout_loops_ring
D:10:     layout_rooms, erik_lair_dragon, orc_0_dummy, uniq_psyche, uniq_fannar,
          uniq_erolcha
D:11:     layout_loops_ring, xom_redecorated, uniq_maurice
D:12:     kennysheep_snake, layout_long_grid, serial_shops, nicolae_shop_trees
Temple:   grunt_wide_crystal_templ
Lair:1:   layout_regular_city, serial_bayou_lagoon_b, grunt_megastairs_4,
          lemuel_fruit_tree, uniq_sonja
Lair:2:   layout_big_grid, palyth_hydra_swamp_entry
Lair:3:   beast_lair_carwin_large_3, layout_layer_cave,
          nicolae_snake_entry_warm_welcome, minmay_lair_oklob_bushes
Lair:4:   layout_layer_cave, beast_lair_carwin_1, uniq_kirke
Lair:5:   gammafunk_lair_ancient_temple, layout_long_grid, slime_entry_1,
          st_stairs_12
Swamp:1:  layout_falls_marsh, infiniplex_staircase_pool_2,
          nicolae_swamp_feature_on_the_river_bank
Snake:1:  layout_honeycomb, minmay_shop_grove, grunt_megastairs_5
Orc:1:    layout_diamond_mine, trog_butcher_becter
Orc:2:    st_orc_pillars, layout_diamond_mine, nicolae_shop_gadgets

Skill      XL: |  1  2  3  4  5  6  7  8  9 10 11 12 13 14 15 |
---------------+----------------------------------------------+-----
Fighting       | 1 2 3 4 5 6 7 9 10 11 12 13 | 13.2
Poison Magic   | 5 6 7 8 10 11 12 | 12.0
Spellcasting   | 3 |  3.0
Shields        | 1 2 3 4 7 9 11 12 13 | 13.5
Invocations    | 1 3 5 8 11 13 | 13.0
Armour         | 1 3 5 7 8 10 11 12 | 12.2
Air Magic      | 1 2 3 4 |  4.6
Staves         | 5 8 10 | 10.2
Translocations | 3 5 6 |  6.5
Dodging        | |  1.7
Stealth        | |  2.4
Transmutations | |  1.1

Action                     |  1- 3 |  4- 6 |  7- 9 | 10-12 | 13-15 | 16-18 || total
---------------------------+-------+-------+-------+-------+-------+-------++-------
  Melee: Short sword       |    25 |       |       |   420 |   105 |       ||   550
         Unarmed           |     5 |       |       |       |     6 |       ||    11
         Quarterstaff      |    71 |   136 |   348 |    85 |   763 |    36 ||  1439
  Throw: Throwing net      |       |       |       |     1 |     1 |       ||     2
   Cast: Sting             |    17 |    23 |    45 |    43 |    13 |       ||   141
         Olgreb's Toxic Ra |       |     4 |    14 |    27 |    70 |     2 ||   117
         Poisonous Vapours |       |     3 |     6 |    46 |   104 |     1 ||   160
         Mephitic Cloud    |       |       |     1 |     5 |     5 |       ||    11
         Vhi's Electric Ch |       |       |       |       |       |     2 ||     2
 Invoke: Bend Time         |       |       |       |     8 |     3 |       ||    11
         Slouch            |       |       |       |     1 |     9 |       ||    10
         Step From Time    |       |       |       |     1 |       |       ||     1
Ability: Dig               |       |       |     1 |     2 |    10 |       ||    13
  Evoke: Wand              |       |       |       |     3 |     4 |     3 ||    10
    Use: Scroll            |       |     2 |     9 |     7 |     3 |       ||    21
         Potion            |       |       |       |    13 |     5 |       ||    18
   Stab: Sleeping          |     4 |     3 |    11 |     1 |       |       ||    19
         Distracted        |       |       |     1 |       |       |       ||     1
         Confused          |       |       |       |     3 |       |       ||     3
         Petrified         |       |       |       |       |     4 |       ||     4
 Armour: Robe              |    52 |    54 |    92 |       |       |       ||   198
         Steam dragon scal |       |       |    26 |    82 |       |       ||   108
         Chain mail        |       |       |       |   108 |   187 |       ||   295
         Plate armour      |       |       |       |       |   251 |    36 ||   287
  Dodge: Dodged            |    81 |   129 |   261 |   393 |   483 |    22 ||  1369
  Block: Buckler           |       |    20 |    97 |    62 |       |       ||   179
         Kite shield       |       |       |       |   287 |   823 |    37 ||  1147

Table legend: (Time is in decaauts)
 A = Elapsed time spent in this place.
 B = Non-inter-level travel time spent in this place.
 C = Inter-level travel time spent in this place.
 D = Time resting spent in this place.
 E = Time spent auto-exploring this place.
 F = Levels seen in this place.
 G = Mean time per level.
                   A        B        C        D        E       F      G
               +--------+--------+--------+--------+--------+-----+--------+
         Total |  33509 |  31394 |   2115 |   3973 |  21814 |  24 | 1396.2 |
       Dungeon |  14725 |  13702 |   1023 |   1422 |   9550 |  12 | 1227.1 |
        Temple |     29 |     21 |      8 |      0 |      3 |   1 |   29.0 |
          Lair |  13254 |  12571 |    683 |   1705 |   9278 |   5 | 2650.8 |
         Swamp |    623 |    623 |      0 |    193 |    321 |   1 |  623.0 |
     Snake Pit |     41 |     41 |      0 |      0 |     16 |   1 |   41.0 |
  Orcish Mines |   3833 |   3435 |    398 |    653 |   2159 |   2 | 1916.5 |
         Sewer |    479 |    479 |      0 |      0 |    276 |   1 |  479.0 |
       Ossuary |    522 |    522 |      0 |      0 |    208 |   1 |  522.0 |
               +--------+--------+--------+--------+--------+-----+--------+

Top non-repeatable levels by time:
  Lair:3: 4146 daAuts
  Lair:4: 2736 daAuts
   Orc:2: 2378 daAuts
  Lair:5: 2315 daAuts
  Lair:2: 2270 daAuts
    D:10: 2176 daAuts
     D:8: 1804 daAuts
  Lair:1: 1786 daAuts
    D:11: 1699 daAuts
   Orc:1: 1455 daAuts
     D:9: 1429 daAuts
     D:7: 1422 daAuts
     D:6: 1314 daAuts
     D:5: 1252 daAuts
     D:4: 916 daAuts
